 Dungeon Crawl Stone Soup version 0.19.0-2-gae57169 (webtiles) character file.

50 exewu the Firebug (level 3, -8/24 HPs)
             Began as a Mummy Fire Elementalist on Nov 6, 2016.
             Mangled by Alg's ghost (12 damage)
             ... on level 3 of the Dungeon.
             The game lasted 00:08:08 (1984 turns).

exewu the Firebug (Mummy Fire Elementalist)         Turns: 1984, Time: 00:08:09

Health: -8/24      AC:  3    Str: 11    XL:     3   Next: 55%
Magic:  0/6        EV: 12    Int: 15    God:
Gold:   143        SH:  0    Dex: 12    Spells: 2 memorised, 2 levels left

rFire  x . .     SeeInvis .     l - +0 hunting sling (curse)
rCold  + . .     Gourm    .     a - +0 robe
rNeg   + + +     Faith    .     (no shield)
rPois  ∞         Spirit   .     k - +0 helmet
rElec  .         Reflect  .     (no cloak)
rCorr  .         Harm     .     (no gloves)
MR     .....                    (no boots)
Stlth  ++........               (no amulet)
                                (no ring)
                                (no ring)

@: no status effects
A: no food or potions, fire vulnerability, cold resistance 1, negative energy
resistance 3, torment resistance, unbreathing
a: no special abilities


You were on level 3 of the Dungeon.
You were not hungry.

You visited 1 branch of the dungeon, and saw 3 of its levels.

You collected 143 gold pieces.

Inventory:

Hand Weapons
 l - a cursed +0 hunting sling (weapon)
Missiles
 e - 51 sling bullets (quivered)
 f - 38 stones
Armour
 a - a +0 robe (worn)
 k - a +0 helmet (worn)
Scrolls
 c - 3 scrolls of remove curse {unknown}
 d - a scroll of blinking {unknown}
 g - a scroll of recharging {unknown}
 h - a scroll of identify {unknown}
 i - 2 scrolls of enchant armour {unknown}
 j - a scroll of fear {unknown}
Books
 b - a book of Flames

   Spells                             Type                      Level
   a - Flame Tongue                   Conjuration/Fire             1
   b - Throw Flame                    Conjuration/Fire             2
   c - Conjure Flame                  Conjuration/Fire             3
   d - Inner Flame                    Hexes/Fire                   3
   e - Sticky Flame                   Conjuration/Fire             4
   f - Fireball                       Conjuration/Fire             5


   Skills:
 - Level 1.5 Dodging
 - Level 1.5 Stealth
 - Level 2.0 Spellcasting
 + Level 2.4 Conjurations
 + Level 2.8 Fire Magic


You had 2 spell levels left.
You knew the following spells:

 Your Spells              Type           Power        Failure   Level  Hunger
a - Flame Tongue          Conj/Fire      #....        10%         1    N/A
b - Conjure Flame         Conj/Fire      #.......     24%         3    N/A

Dungeon Overview and Level Annotations

Branches:
Dungeon (3/15)

Altars:
Ashenzari
Kikubaaqudgha

Annotations:
D:3 Alg's ghost, amateur DDBe


Innate Abilities, Weirdness & Mutations

You do not eat or drink.
Your flesh is vulnerable to fire.
You are immune to poison.
Your flesh is cold resistant. (rC+)
You are immune to negative energy. (rN+++)
You are immune to unholy pain and torment.
You can survive without breathing.


Message History

Alg's ghost is almost destroyed.
Alg's ghost hits you.
* * * LOW HITPOINT WARNING * * *
Alg's ghost barely misses you.
Press: ? - help, v - describe, . - travel, g - get item
Here: Alg's ghost (almost destroyed) 3 sling bullets.
The floor.
Unknown command.
Unknown command.
Casting: Flame Tongue
Confirm with . or Enter, or press ? or * to list all spells.
Aiming: Flame Tongue
Press: ? - help, Shift-Dir - straight line, f/p - Alg's ghost
Aim: Alg's ghost (almost destroyed)
The flame tongue hits Alg's ghost.
Alg's ghost is almost destroyed.
Alg's ghost hits you!
Ouch! That really hurt!
You die...

#..........#.##.....
#..........#.##.....
#........!.#.##.....
###..........#.##.....
####
#..............##.....
...
#..).......####.....
... #..........#
######
#.###(.........#
#..((..@.......#
#.#.####W####### #.#(#
#r# #.((####.#
####(r...# #.##### #.#
#.# #.#


You could see Alg's ghost and a rat.

Vanquished Creatures
  An adder (D:2)
  2 dart slugs
  4 bats
  4 giant cockroaches
  3 goblins
  6 hobgoblins
  A jackal (D:1)
  5 kobolds
  A quokka (D:2)
  2 ball pythons
  2 frilled lizards
  4 rats
35 creatures vanquished.

Notes
Turn   | Place    | Note
-------+----------+-------------------------------------------
     0 | D:1      | exewu the Mummy Fire Elementalist began the quest for the Orb.
     0 | D:1      | Reached XP level 1. HP: 13/13 MP: 3/3
    81 | D:1      | Reached skill level 1 in Conjurations
   473 | D:1      | Reached XP level 2. HP: 19/19 MP: 5/5
  1351 | D:2      | Found an ancient bone altar of Kikubaaqudgha.
  1429 | D:2      | Reached XP level 3. HP: 21/24 MP: 6/6
  1434 | D:2      | Learned a level 3 spell: Conjure Flame
  1554 | D:2      | Found a shattered altar of Ashenzari.
  1954 | D:3      | Noticed Alg's ghost (amateur DDBe)
  1984 | D:3      | Mangled by Alg's ghost

Skill      XL: |  1  2 |
---------------+-------+-----
Conjurations   | 1 2 |  2.4
Dodging        | |  1.5
Stealth        | |  1.5
Spellcasting   | |  2.0
Fire Magic     | |  2.8

Action                   || total
-------------------------++-------
Melee: Hunting sling     ||     1
 Fire: Hunting sling     ||    85
 Cast: Flame Tongue      ||    30
       Conjure Flame     ||     2
Armor: Robe              ||     5
Dodge: Dodged            ||    26
